 Dungeon Crawl Stone Soup version 0.32-a0-738-g1a05c61809 (webtiles) character file.

Game seed: 15411647881802622822

97 Kenran the Ruffian (level 4, -5/33 HPs)
             Began as a Minotaur Alchemist on Mar 17, 2024.
             Killed by divine providence
             ... invoked by an orc priest
              (13 damage)
             ... on level 3 of the Dungeon.
             The game lasted 00:02:34 (1434 turns).

Kenran the Ruffian (Minotaur Alchemist)             Turns: 1434, Time: 00:02:35

Health: -5/33      AC:  8    Str: 14    XL:     4   Next: 42%
Magic:  5/5        EV:  6    Int: 12    God:
Gold:   103        SH:  0    Dex: 11    Spells: 4/5 levels left

rFire   . .          .
                       - Unarmed
rCold   . . .        (no shield)
rNeg    . . .        j - +0 chain mail
rPois   .            (helmet restricted)
rElec   .            (no cloak)
rCorr   .            (no gloves)
SInv    .            (no boots)
Will    .....        (no amulet) Stlth
                     (no ring)
HPRegen 0.25/turn    (no ring)
MPRegen 0.09/turn

%: no passive effects
@: no status effects
A: horns 2, retaliatory headbutt
a: Convert to Beogh


You were on level 3 of the Dungeon.
You visited 1 branch of the dungeon, and saw 3 of its levels.

You collected 103 gold pieces.

Inventory:

Armour
 j - a +0 chain mail (worn)
Scrolls
 d - 2 scrolls of enchant weapon
 e - 3 scrolls of teleportation
 i - a scroll of revelation {unknown}
Potions
 b - a potion of magic
 f - a potion of brilliance {unknown}
 h - a potion of heal wounds {unknown}


   Skills:
 - Level 2.1 Dodging
 - Level 1.5 Stealth
 + Level 4.5 Unarmed Combat
 - Level 1.3 Spellcasting
 - Level 0.6 Conjurations
 - Level 2.1 Alchemy


You had 4 spell levels left.
You knew the following spells:

 Your Spells              Type           Power      Damage    Failure   Level
a - Sting                 Conj/Alch      16%        1d4       97%         1

Your spell library contained the following spells:

 Spells                   Type           Power      Damage    Failure   Level
 Shock                    Conj/Air       4%         1d3       99%         1
 Mercury Vapours          Alch/Air       6%         N/A       99%         2
 Call Canine Familiar     Summ           0%         N/A       100%        3
 Mephitic Cloud           Conj/Alch/Air  3%         N/A       100%        3
 Passwall                 Erth           0%         N/A       100%        3
 Sigil of Binding         Hex            0%         N/A       100%        3
 Swiftness                Air            0%         N/A       100%        3
 Volatile Blastmotes      Fire/Tloc      0%         2d10      100%        3
 Airstrike                Air            0%         2d(0-16)  100%        4
 Dimensional Bullseye     Hex/Tloc       0%         N/A       100%        4
 Olgreb's Toxic Radiance  Alch           6%         N/A       100%        4
 Sticky Flame             Fire/Alch      3%         2d4       100%        4
 Bombard                  Conj/Erth      0%         9d1       100%        6


Dungeon Overview and Level Annotations

Branches:
Dungeon (3/15)

Altars:


Innate Abilities, Weirdness & Mutations

You have a pair of horns on your head.
You reflexively headbutt those who attack you in melee.


Message History

The orc wizard mumbles some strange words.
The orc wizard flickers and vanishes!
Deactivating autopickup; reactivate with Ctrl-A.
The orc shouts!
The orc attacks as it pursues you! The orc hits you with a +0 club.
The orc attacks as it pursues you! The orc hits you with a +0 club.
You see here a scroll of noise {!r}.
The orc attacks as it pursues you! The orc hits you with a +0 club.
The orc attacks as it pursues you! The orc hits you but does no damage.
The orc attacks as it pursues you! The orc hits you but does no damage.
The orc attacks as it pursues you! The orc hits you with a +0 club.
An orc comes into view. It is wielding a +0 flail.
The orc attacks as it pursues you! The orc hits you but does no damage.
The orc attacks as it pursues you! The orc hits you but does no damage.
The orc barely misses you. The orc hits you with a +0 flail!
The orc attacks as it pursues you! The orc hits you with a +0 flail.
The orc priest shouts, "The Pantheon deserves no one's loyalty.
Let us show you the true path!" (press Y on the ability menu to convert to Beogh)
The orc priest complains loudly, as Orcs often do.
The orc attacks as it pursues you! The orc hits you with a +0 flail.
You closely miss the orc.
The orc priest looks encouraged for a moment.
The orc barely misses you. The orc hits you with a +0 flail.
You hit the orc. You headbutt the orc.
You kill the orc!
The orc hits you but does no damage. The orc hits you with a +0 flail.
Things that are here:
10 gold pieces; a +0 dagger; an orc corpse You feel better.
The orc hits you but does no damage.
The orc priest mumbles some strange prayers to Beogh against you.
Beogh smites you!
* * * LOW HITPOINT WARNING * * *
The orc attacks as it pursues you! The orc hits you but does no damage.
You see here a scroll of noise {!r}.
The orc priest looks encouraged for a moment.
The orc priest calls down the wrath of Beogh upon you.
Beogh smites you!
You die...

#.#..#P≈≈≈.≈≈≈P...
#.#......o.......ß
#.#.##P≈≈≈.≈≈≈P...
#.#.####≈≈.≈≈##.♣.
####.#.#####≈o≈## #..
#....#.....#P.P#########.
##.####..#..##.###........
<..# #.o....#............
#### ##.o######@.........
#.o${ooo...........
#.##..#############
#.##.........
#>...........
####.#.≣≣≣≣≣≣ #.#...
#....... ##.......


You could see an orc priest and 3 orcs.

Vanquished Creatures
  5 adders
  2 dart slugs
  A ribbon worm (D:2)
  An orc (D:3)
  5 endoplasms (D:1)
  A giant cockroach (D:1)
  3 goblins
  7 hobgoblins
  2 jackals (D:1)
  A quokka (D:1)
  2 ball pythons
  4 bats
  4 frilled lizards
  2 kobolds (D:2)
  6 rats
46 creatures vanquished.

Notes
Turn   | Place    | Note
-------+----------+-------------------------------------------
     0 | D:1      | Kenran the Minotaur Alchemist began the quest for the Orb.
     0 | D:1      | Reached XP level 1. HP: 14/14 MP: 1/1
   142 | D:1      | Reached skill level 1 in Unarmed Combat
   199 | D:1      | Reached XP level 2. HP: 20/20 MP: 3/3
   243 | D:1      | Reached skill level 2 in Unarmed Combat
   476 | D:1      | Reached skill level 3 in Unarmed Combat
   705 | D:2      | Reached XP level 3. HP: 25/26 MP: 4/4
  1035 | D:2      | Reached skill level 4 in Unarmed Combat
  1095 | D:2      | Reached XP level 4. HP: 31/33 MP: 5/5
  1434 | D:3      | Killed from afar by an orc priest

Illustrated notes

Levels and vault maps discovered:
D:1:      lightli_arrival_statuegarden, layout_loops_ring
D:2:      layout_loops_cross
D:3:      cheibrodos_pilgrimage, layout_basic, grunt_temple_overflow_cloverleaf,
          gammafunk_ghost_abyssal_escape,
          dreamdust_ecumenical_altar_angels_and_demons,
          dreamdust_princess_bridge

Skill      XL: |  1  2  3 |
---------------+----------+-----
Unarmed Combat | 1 3 4 |  4.5
Dodging        | |  2.1
Stealth        | |  1.5
Spellcasting   | |  1.3
Conjurations   | |  0.6
Alchemy        | |  2.1

Action                     |  1- 3 |  4- 6 || total
---------------------------+-------+-------++-------
  Melee: Unarmed           |   107 |    36 ||   143
         Headbutt          |    19 |     4 ||    23
         Punch             |     2 |       ||     2
    Use: Scroll            |     3 |     1 ||     4
         Potion            |       |     1 ||     1
   Stab: Sleeping          |     3 |       ||     3
 Armour: Robe              |    43 |       ||    43
         Chain mail        |       |    37 ||    37
  Dodge: Dodged            |    78 |    10 ||    88

Table legend: (Time is in decaauts)
 A = Elapsed time spent in this place.
 B = Non-inter-level travel time spent in this place.
 C = Inter-level travel time spent in this place.
 D = Time resting spent in this place.
 E = Time spent auto-exploring this place.
 F = Levels seen in this place.
 G = Mean time per level.
                   A        B        C        D        E       F      G
               +--------+--------+--------+--------+--------+-----+--------+
         Total |   1425 |   1348 |     77 |     26 |    920 |   3 |  475.0 |
       Dungeon |   1425 |   1348 |     77 |     26 |    920 |   3 |  475.0 |
               +--------+--------+--------+--------+--------+-----+--------+

Top non-repeatable levels by time:
     D:1: 695 daAuts
     D:2: 617 daAuts
     D:3: 113 daAuts
